cohdb
Replays
Latest Replays
All Replays
Popular Replays
Top Player Replays
Match Explorer
How It Works
Community
CoH3 Stats
Reddit
Sign in to upload your games and track your stats! →
Sign in with Steam
Match 39705672
Unlisted
Match 39705672
Overview
Messages
Build Orders
End
Construct Infanterie Kompanie
Selects Luftwaffe Battlegroup
Selects Luftwaffe Pioneer Support
Fallschirmpioneer Squad Paradrop
MG 42 Machine Gun Team
Fallschirmpioneer Squad Paradrop
Construct Panzergrenadier Kompanie
251 Medium Carrier
Panzergrenadier Officer Quarters
Panzergrenadier Squad
Selects Reconnaissance Run
Medical Bunker
Support Elements
Selects Fallschirmjäger Squad Paradrop
Nebelwerfer 42 Rocket Launcher Team
insane
TUS
2war
kya100789
Broly19HS
ooshyyyyyTTV
Snax254
NooB LaGGeR
0
0
Comments
sign in to comment!
No comments posted yet!